 Dungeon Crawl Stone Soup version 0.29.1-14-g9c671dbff4 (webtiles) character file.

Game seed: 1626147328192369469

749 Hrothgar the Vexing (level 7, -4/56 HPs)
             Began as a Hill Orc Enchanter on Feb 16, 2023.
             Was a Believer of Beogh.
             Slain by a hornet (9 damage)
             ... on level 5 of the Dungeon.
             The game lasted 00:23:32 (5313 turns).

Hrothgar the Vexing (Hill Orc Enchanter)            Turns: 5313, Time: 00:23:34

Health: -4/56      AC: 16    Str: 11    XL:     7   Next: 78%
Magic:  18/19      EV:  9    Int: 17    God:    Beogh [**....]
Gold:   199        SH:  0    Dex: 11    Spells: 5/10 levels left

rFire   . . .      SeeInvis .   n - +0 bardiche (protect)
rCold   + . .      Faith    .   (shield currently unavailable)
rNeg    + . .      Spirit   .   v - +10 scale mail "Zefitapt" {-Tele rC+ MP+9 Slay+5}
rPois   .          Reflect  .   (no helmet)
rElec   .          Harm     .   (no cloak)
rCorr   .          Rampage  .   (no gloves)
Will    .....      NoTele   +   (no boots)
Stlth   +.........              (no amulet)
HPRegen 0.18/turn               w - ring of positive energy
MPRegen 0.16/turn               (no ring)

@: lethally poisoned (-4 -> -13), slowed, very slow
A: no striking features
a: Renounce Religion, Smiting


You were on level 5 of the Dungeon.
You worshipped Beogh.
Beogh was pleased with you.
You visited 1 branch of the dungeon, and saw 5 of its levels.

You collected 199 gold pieces.

Inventory:

Hand Weapons
 a - a +1 dagger
 d - a +0 short sword of protection
 n - a +0 bardiche of protection (weapon)
Armour
 b - a +0 robe
 v - the +10 scale mail "Zefitapt" (worn) {-Tele rC+ MP+9 Slay+5}
   (You found it on level 3 of the Dungeon)

   Slay:      It affects your accuracy & damage with ranged weapons and melee
   (+5).
   rC:        It protects you from cold.
   MP:        It affects your magic capacity (+9).
   -Tele:     It prevents most forms of teleportation.
Jewellery
 t - a ring of flight
 w - a ring of positive energy (left hand)
Wands
 p - a wand of charming (6)
 u - a wand of flame (14)
Scrolls
 e - 2 scrolls of teleportation
 h - 2 scrolls of blinking
 l - 2 scrolls of amnesia
 o - a scroll of torment
 r - 2 scrolls of enchant weapon {unknown}
 s - a scroll of poison {unknown}
Potions
 g - a potion of brilliance
 i - 2 potions of lignification {unknown}
 j - a potion of curing
 k - a potion of cancellation {unknown}
 m - a potion of flight {unknown}
 q - a potion of resistance {unknown}
 x - a potion of magic {unknown}
 z - a potion of attraction {unknown}


   Skills:
 * Level 2.8 Fighting
 * Level 2.3 Short Blades
 * Level 3.2 Polearms
 * Level 2.2 Armour
 * Level 2.3 Dodging
 * Level 3.7 Stealth
 * Level 2.4 Spellcasting
 * Level 3.9 Hexes
 * Level 1.6 Ice Magic
 * Level 2.4 Invocations
 * Level 1.3 Evocations


You had 5 spell levels left.
You knew the following spells:

 Your Spells              Type           Power      Damage    Failure   Level
a - Ensorcelled Hibernat  Hex/Ice        22%        N/A       45%         2
b - Tukima's Dance        Hex            15%        N/A       54%         3

Your spell library contained the following spells:

 Spells                   Type           Power      Damage    Failure   Level
 Freeze                   Ice            28%        1d5       47%         1
 Confusing Touch          Hex            15%        N/A       54%         3
 Dazzling Flash           Conj/Hex       16%        N/A       80%         3
 Poisonous Vapours        Pois/Air       4%         N/A       85%         2
 Frozen Ramparts          Ice            14%        1d3       85%         3
 Corpse Rot               Necr/Pois/Air  2%         N/A       100%        4
 Hailstorm                Conj/Ice       4%         3d4       100%        4


Dungeon Overview and Level Annotations

Branches:
Dungeon (5/15)             Temple (0/1) D:4

Altars:
Ashenzari
Cheibriados
Dithmenos
Elyvilon
Fedhas
Hepliaklqana
Kikubaaqudgha
Nemelex Xobeh
Uskayaw
Vehumet
Wu Jian
Zin


Message History

You are poisoned.
You feel yourself slow down. The hornet barely misses you.
The hornet stings you!
You feel as though you will be slow longer.
You slash the hornet!
Your weapon exudes an aura of protection.
The hornet is severely wounded.
You feel extremely sick.
The hornet closely misses you. x2; The hornet stings you!
You feel as though you will be slow longer.
The hornet stings you but does no damage.
You feel better.
The hornet stings you but does no damage.
The hornet stings you!
You feel as though you will be slow longer.
You barely miss the hornet.
The hornet is severely wounded.
The hornet barely misses you. The hornet stings you.
You suddenly lose the ability to move!
The hornet stings you but does no damage.
The hornet stings you!
* * * LOW HITPOINT WARNING * * *
You feel as though you will be slow longer.
You can move again.
Aiming: Throw Flame
Press: ? - help, Shift-Dir - straight line, f/p - hornet
Aim: a hornet (severely wounded, 52% to hit)
The puff of flame hits the hornet.
The hornet is almost dead.
The hornet closely misses you. The hornet stings you!
* * * LOW HITPOINT WARNING * * *
You are lethally poisoned!
You feel as though you will be slow longer.
You feel better. The hornet stings you.
* * * LOW HITPOINT WARNING * * *
You are lethally poisoned!
You shrug off the repeated paralysis!
The hornet stings you but does no damage.
The hornet stings you!
You die...

#_~ #.#####...#≈.≈...≈.≈#
#####....<#...#≈..≈≈≈..≈#
.#########..###.≈≈≈≈≈≈≈.#
..'.......>...#.........#
..###########..#########..
..# #....# #. ..# ####.#
### ###### #.####### #
#....# #@yh..... # #....#
###...... # #....# ..#...
# ######....# ...#. #
#.........# ..#. #
#.........# ## # #
#.......### # #.[.....# #
#.......#


You could see a hornet and a hound.

Vanquished Creatures
  Duvessa (D:4)
  An ogre (D:5)
  A phantom (D:5)
  A scorpion (D:5)
  Dowan (D:4)
  3 orc priests (D:5)
  A hound (D:4)
  A gnoll bouda (D:4)
  Terence (D:2)
  An iguana (D:3)
  An orc wizard (D:5)
  An adder (D:3)
  8 gnolls (D:4)
  4 worms
  4 dart slugs
  9 orcs
  7 ball pythons
  7 endoplasms
  3 giant cockroaches
  6 goblins
  4 hobgoblins
  6 jackals (D:1)
  5 quokkas
  3 bats
  4 frilled lizards
  2 kobolds
  7 rats
93 creatures vanquished.

Vanquished Creatures (collateral kills)
  A gnoll (D:4)
  2 goblins (D:3)
3 creatures vanquished.

Vanquished Creatures (others)
  A dancing weapon (D:2)
  A dart slug (D:3)
  An endoplasm (D:3)
  A goblin (D:3)
4 creatures vanquished.

Grand Total: 100 creatures vanquished

Notes
Turn   | Place    | Note
-------+----------+-------------------------------------------
     0 | D:1      | Hrothgar the Hill Orc Enchanter began the quest for the
                  | Orb.
     0 | D:1      | Reached XP level 1. HP: 14/14 MP: 3/3
   198 | D:1      | Reached XP level 2. HP: 17/22 MP: 4/4
   201 | D:1      | Learned a level 2 spell: Ensorcelled Hibernation
   731 | D:2      | Reached XP level 3. HP: 25/27 MP: 1/5
   735 | D:2      | Learned a level 3 spell: Tukima's Dance
   830 | D:3      | Became a worshipper of Beogh the Brigand
  1024 | D:2      | Noticed Terence
  1112 | D:2      | Killed Terence
  1113 | D:2      | Reached skill level 1 in Fighting
  1462 | D:1      | Reached XP level 4. HP: 35/35 MP: 3/6
  1570 | D:1      | Found a faded altar of an unknown god.
  2355 | D:3      | Reached skill level 1 in Armour
  3179 | D:3      | Reached * piety under Beogh
  3205 | D:3      | Identified the +10 scale mail "Zefitapt" {-Tele rC+ MP+9
                  | Slay+5}
  3330 | D:3      | Reached skill level 1 in Ice Magic
  3330 | D:3      | Reached XP level 5. HP: 22/40 MP: 8/8
  3443 | D:4      | Reached skill level 1 in Invocations
  3519 | D:4      | You fall into a shaft and drop 1 floor!
  3519 | D:5      | Entered Level 5 of the Dungeon
  3556 | D:5      | Found a sparkling altar of Nemelex Xobeh.
  3858 | D:4      | Reached XP level 6. HP: 25/47 MP: 9/9
  4091 | D:4      | Found a radiant altar of Vehumet.
  4092 | D:4      | Found a glowing silver altar of Zin.
  4094 | D:4      | Found a hazy altar of Hepliaklqana.
  4098 | D:4      | Found a blossoming altar of Fedhas.
  4099 | D:4      | Found an ancient bone altar of Kikubaaqudgha.
  4099 | D:4      | Found a shadowy altar of Dithmenos.
  4100 | D:4      | Found a hide-covered altar of Uskayaw.
  4102 | D:4      | Found an ornate altar of the Wu Jian Council.
  4103 | D:4      | Found a white marble altar of Elyvilon.
  4234 | D:4      | Reached skill level 1 in Polearms
  4485 | D:4      | Noticed Duvessa
  4485 | D:4      | Noticed Dowan
  4496 | D:4      | Killed Duvessa
  4503 | D:4      | Killed Dowan
  4504 | D:4      | Reached XP level 7. HP: 55/55 MP: 10/10
  4614 | D:4      | Found a staircase to the Ecumenical Temple.
  4946 | D:5      | Reached skill level 1 in Evocations
  4973 | D:5      | Reached ** piety under Beogh
  5190 | D:5      | Found a snail-covered altar of Cheibriados.
  5190 | D:5      | Found a broken altar of Ashenzari.
  5303 | D:5      | Noticed a hornet
  5311 | D:5      | Paralysed by a hornet for 2 turns
  5313 | D:5      | Slain by a hornet

Illustrated notes

Levels and vault maps discovered:
D:1:      dpeg_arrival_rhombus, layout_loops_ring,
          hellmonk_ecumenical_altar_pennies_from_heaven
D:2:      layout_loops_cross, kennysheep_nondescript, minmay_tromino_v4_a,
          uniq_terence
D:3:      minmay_chambers_of_threes, layout_loops_ring
D:4:      layout_basic, minitemple, minmay_temple_entry_poolview, uniq_duvessa
D:5:      layout_basic, mainiacjoe_overflow_paths,
          gammafunk_temple_overflow_elements, minmay_misc_feat_rugged

Skill      XL: |  1  2  3  4  5  6  7 |
---------------+----------------------+-----
Fighting       | 1 2 |  2.8
Stealth        | 3 |  3.7
Armour         | 1 2 |  2.2
Spellcasting   | 2 |  2.4
Ice Magic      | 1 |  1.6
Dodging        | 2 |  2.3
Invocations    | 1 2 |  2.4
Short Blades   | 2 |  2.3
Polearms       | 2 3 |  3.2
Evocations     | 1 |  1.3
Hexes          | |  3.9

Action                   |  1- 3 |  4- 6 |  7- 9 || total
-------------------------+-------+-------+-------++-------
Melee: Dagger            |    26 |       |       ||    26
       Short sword       |   106 |   102 |       ||   208
       Punch             |     4 |     2 |       ||     6
       Bardiche          |       |    51 |    69 ||   120
 Cast: Ensorcelled Hiber |    17 |    26 |       ||    43
       Tukima's Dance    |     3 |     3 |       ||     6
Invok: Convert to Beogh  |     1 |       |       ||     1
       Smiting           |       |       |     1 ||     1
Evoke: Wand              |       |    11 |     4 ||    15
  Use: Scroll            |     4 |     5 |       ||     9
       Potion            |     2 |     3 |     4 ||     9
 Stab: Sleeping          |    11 |    25 |       ||    36
       Invisible         |       |     1 |     1 ||     2
       Distracted        |       |     1 |       ||     1
Armor: Robe              |    38 |    19 |       ||    57
       Scale mail        |       |    73 |    85 ||   158
Dodge: Dodged            |    78 |   110 |    67 ||   255
